 Dungeon Crawl Stone Soup version 0.18-a0-1426-g3b9a63c (webtiles) character file.

623 seren the Basher (level 7, -1/58 HPs)
             Began as a Minotaur Fighter on Feb 27, 2016.
             Succumbed to a killer bee's poison
             ... on level 5 of the Dungeon.
             The game lasted 00:19:48 (4088 turns).

seren the Basher (Minotaur Fighter)                 Turns: 4088, Time: 00:19:48

Health: -1/58      AC:  7    Str: 21    XL:     7   Next: 22%
Magic:  6/6        EV:  7    Int:  5    God:
Gold:   269        SH:  9    Dex: 11    Spells: 0 memorised, 6 levels left

rFire  . . .     SeeInvis .     F - +0 flail (venom)
rCold  . . .     Gourm    .     b - +0 scale mail
rNeg   . . .     Faith    .     c - +0 shield
rPois  .         Spirit   .     (helmet restricted)
rElec  .         Dismiss  .     (no cloak)
rCorr  .         Reflect  .     (no gloves)
SustAt .         Harm     .     (no boots)
MR     .....                    (no amulet)
Stlth  ..........               (no ring)
                                (no ring)

@: lethally poisoned (-1 -> -29), about to teleport, not resistant to hostile
enchantments, extremely unstealthy
A: retaliatory headbutt, horns 2
a: no special abilities


You were on level 5 of the Dungeon.
You were hungry.

You visited 1 branch of the dungeon, and saw 5 of its levels.

You collected 269 gold pieces.

Inventory:

Hand Weapons
 D - a +0 morningstar
 F - a +0 flail of venom (weapon)
Missiles
 k - 6 tomahawks (quivered)
 n - 15 poisoned needles
Armour
 b - a +0 scale mail (worn)
 c - a +0 shield (worn)
 i - a +0 chain mail
Jewellery
 m - an uncursed amulet of dismissal {unknown}
 x - an uncursed ring of protection from fire {unknown}
 z - an uncursed amulet of guardian spirit {unknown}
 A - an uncursed ring of stealth {unknown}
Wands
 v - a wand of lightning (3/15)
 y - a wand of slowing (23/48)
Scrolls
 e - a scroll of remove curse
 g - a scroll of blinking {unknown}
 o - a scroll of enchant weapon {unknown}
 p - a scroll of magic mapping {unknown}
 q - a scroll of identify
 s - a scroll of fear {unknown}
 t - a scroll of noise {unknown}
Potions
 d - a potion of might
 j - a potion of ambrosia {unknown}
 r - a potion of mutation {unknown}
 u - 3 potions of heal wounds {unknown}
 w - a potion of flight {unknown}
 B - 2 potions of invisibility
 C - 2 potions of cure mutation {unknown}
Comestibles
 f - 7 bread rations
 h - 2 meat rations
 l - 3 fruits
 E - 11 chunks of flesh


   Skills:
 - Level 3.7 Fighting
 + Level 9.5 Maces & Flails
 - Level 3.7 Armour
 - Level 3.9 Shields


You had 6 spell levels left.
You didn't know any spells.

Dungeon Overview and Level Annotations

Branches:
Dungeon (5/15)
 Temple: D:4-7

Altars:
Fedhas
Kikubaaqudgha
Qazlal
Ru
Vehumet
Xom
Yredelemnul
Zin


Innate Abilities, Weirdness & Mutations

You reflexively headbutt those who attack you in melee.
You have a pair of horns on your head.


Message History

Read which item? (? for menu, Esc to quit)
As you read the scroll labeled FEECVUEJAJ, it crumbles to dust.
It is a scroll of identify.
Identify which item? (\ to view known items) (? for menu, Esc to quit)
a - a scroll of teleportation You feel sick.
The killer bee stings you!
* * * LOW HITPOINT WARNING * * *
You block the killer bee's attack. x2
Read which item? (? for menu, Esc to quit)
As you read the scroll of teleportation, it crumbles to dust.
You feel strangely unstable.
You are feeling hungry.
* * * LOW HITPOINT WARNING * * *
You feel sick. You block the killer bee's attack. The killer bee stings you.
* * * LOW HITPOINT WARNING * * *
You are more poisoned.
The killer bee poisons you! The killer bee stings you!
* * * LOW HITPOINT WARNING * * *
You block the killer bee's attack.
You die...

...y +...........................
.... #...........................
#.. #...........................
##'##...........................
##...######.....##.+############.
+.........#.....###.## #....#.
#.........'.....##...## #....'.
#.........#..yy##.....## +....#.
###########..yy#@......#####...#.
.........#y...._.....#######.
.........#.#.......#.......#.
.........#.##.....##.......#.
.........#..##...##........#.
.........#...##.##.........#.
.........#......###.####..##
##########.....#########'##
.................#


You could see a killer bee.

Vanquished Creatures
  An ogre (D:4)
  2 scorpions
  A howler monkey (D:4)
  2 orc priests (D:5)
  2 iguanas (D:4)
  2 orc wizards
  2 worker ants
  Robin (D:4)
  4 adders
  2 adder skeletons (D:4)
  3 worms
  A dart slug (D:3)
  2 giant geckos (D:4)
  13 orcs
  8 bats
  6 giant cockroaches
  10 hobgoblins
  22 jackals
  8 kobolds
  2 quokkas (D:2)
  3 ball pythons
  4 giant newts
  15 goblins
  A jackal skeleton (D:5)
  7 rats
124 creatures vanquished.

Notes
Turn   | Place    | Note
--------------------------------------------------------------
     0 | D:1      | seren the Minotaur Fighter began the quest for the Orb.
     0 | D:1      | Reached XP level 1. HP: 19/19 MP: 0/0
    94 | D:1      | Reached XP level 2. HP: 27/27 MP: 1/1
   141 | D:1      | Reached skill level 3 in Maces & Flails
   514 | D:2      | Reached XP level 3. HP: 33/33 MP: 2/2
   540 | D:2      | Reached skill level 4 in Maces & Flails
  1115 | D:2      | Reached XP level 4. HP: 37/40 MP: 3/3
  1128 | D:2      | Reached skill level 5 in Maces & Flails
  1631 | D:3      | Found a shimmering altar of Xom.
  1675 | D:3      | Found a radiant altar of Vehumet.
  1732 | D:3      | Found a sacrificial altar of Ru.
  1909 | D:3      | Reached skill level 6 in Maces & Flails
  1909 | D:3      | Reached XP level 5. HP: 27/46 MP: 4/4
  2295 | D:4      | Noticed Robin
  2328 | D:4      | Killed Robin
  2422 | D:4      | Found a stormy altar of Qazlal.
  2559 | D:4      | Reached skill level 7 in Maces & Flails
  2617 | D:4      | Found a blossoming altar of Fedhas.
  2619 | D:4      | Found an ancient bone altar of Kikubaaqudgha.
  2672 | D:4      | Reached XP level 6. HP: 49/52 MP: 5/5
  2680 | D:4      | Found a basalt altar of Yredelemnul.
  2735 | D:4      | Reached skill level 8 in Maces & Flails
  3220 | D:5      | Entered Level 5 of the Dungeon
  3733 | D:5      | Reached skill level 9 in Maces & Flails
  3733 | D:5      | Reached XP level 7. HP: 50/58 MP: 6/6
  4006 | D:5      | Found a glowing silver altar of Zin.
  4087 | D:5      | HP: 2/58 [killer bee (7)]
  4088 | D:5      | Succumbed to a killer bee's poison

Vault maps used:
D:1:      wheals_arrival_shading, minmay_crystal_room
D:3:      nicolae_overflow_crystal_walls, nicolae_ru_path_of_blood,
          overflow_temple_1_default
D:4:      kennysheep_big_flooded_room, grunt_temple_overflow_growth_and_decay,
          old_standard_altar, lemuel_doored_altar, uniq_robin
D:5:      kennysheep_spiral_hall, lemuel_round_altar, first_bread

Skill      XL: |  1  2  3  4  5  6 |
---------------+-------------------+-----
Maces & Flails | 3 4 6 7 9 |  9.5
Fighting       | |  3.7
Armour         | |  3.7
Shields        | |  3.9

Action                   |  1- 3 |  4- 6 |  7- 9 || total
-------------------------+-------+-------+-------++-------
Melee: Flail             |    83 |   213 |    23 ||   319
Throw: Tomahawk          |       |    14 |       ||    14
Evoke: Wand              |       |     1 |     1 ||     2
  Use: Potion            |     2 |       |       ||     2
       Scroll            |       |       |     3 ||     3
  Eat: Chunk             |     1 |     8 |     1 ||    10
